Match 38311556
Unlisted

Match 38311556
End
Construct Barracks
Selects Armored Battlegroup
Selects Veteran Crews
Selects Veteran Crews
Riflemen Squad
Riflemen Squad
M1 Mortar Team
Mechanized Support Center
Riflemen Squad
M1 Mortar Team
Riflemen Squad
Selects Strength in Steel
Construct Tank Depot
Selects Seek and Destroy
Selects UNKNOWN (2160077)
Riflemen Squad
M4A3E8 Sherman Easy Eight
Engineer Squad
Selects Field Repairs
M4A3E8 Sherman Easy Eight
xX-GAMER-Xx
Manstein
zZ_PERRO_Zz [ΔoH]
sheep
RX-13
koowa
fervela99
Mael Radec
0
0

Comments sign in to comment!

No comments posted yet!